 Dungeon Crawl Stone Soup version 0.20.0-15-g7f486f2 (webtiles) character file.

1992 asdasd2 the Cleaver (level 9, -21/78 HPs)
             Began as a Minotaur Fighter on June 21, 2017.
             Blown up by Maurice (22 damage)
             ... with a wand of disintegration (?/24)
             ... on level 8 of the Dungeon.
             The game lasted 00:08:08 (4316 turns).

asdasd2 the Cleaver (Minotaur Fighter)              Turns: 4316, Time: 00:08:09

Health: -21/78     AC:  7    Str: 24    XL:     9   Next: 1%
Magic:  8/8        EV:  9    Int:  5    God:
Gold:   269        SH: 10    Dex: 10    Spells: 8/8 levels left

rFire    . . .     SeeInvis .   a - +1 war axe
rCold    + . .     Gourm    .   c - +0 shield
rNeg     . . .     Faith    .   b - +0 scale mail
rPois    .         Spirit   .   h - +0 hat
rElec    .         Reflect  .   (no cloak)
rCorr    .         Harm     .   (no gloves)
MR       .....                  (no boots)
Stlth    ..........             (no amulet)
Regen    0.3/turn               s - ring of protection from cold
MPRegen  0.2/turn               p - ring of wizardry

@: no status effects
A: retaliatory headbutt, horns 2
a: no special abilities


You were on level 8 of the Dungeon.
You were very hungry.

You visited 1 branch of the dungeon, and saw 7 of its levels.

You collected 269 gold pieces.

Inventory:

Hand Weapons
 a - a +1 war axe (weapon)
Armour
 b - a +0 scale mail (worn)
 c - a +0 shield (worn)
 h - a +0 hat (worn)
Jewellery
 p - a ring of wizardry (right hand)
 s - a ring of protection from cold (left hand)
Wands
 q - a wand of clouds (2/9)
 A - a wand of confusion (23/48)
Scrolls
 l - a scroll of fear
 t - 2 scrolls of fog
 x - a scroll of teleportation
 B - a scroll of identify
 C - a scroll of random uselessness {unknown}
Potions
 d - a potion of degeneration {unknown}
 e - 2 potions of flight {unknown}
 g - a potion of heal wounds
 i - a potion of berserk rage {unknown}
 j - 2 potions of magic
 m - a potion of brilliance {unknown}
 n - 2 potions of invisibility
 r - 3 potions of cancellation
 u - 2 potions of haste {unknown}
 v - 3 potions of curing
 z - a potion of lignification
 D - a potion of ambrosia {unknown}
Comestibles
 f - 5 bread rations
 k - 3 meat rations
 w - 2 royal jellies


   Skills:
 + Level 6.8 Fighting
 + Level 9.6 Axes
 + Level 6.9 Armour
 + Level 2.9 Dodging
 + Level 6.5 Shields


You had 8 spell levels left.
You didn't know any spells.

Dungeon Overview and Level Annotations

Branches:
Dungeon (6/15)
 Temple: D:4-7

Altars:

Shops:
D:4 :

Annotations:
D:8 Maurice


Innate Abilities, Weirdness & Mutations

You reflexively headbutt those who attack you in melee.
You have a pair of horns on your head.


Message History

You barely miss Maurice. Your headbutt misses Maurice.
Maurice is lightly wounded.
You block Maurice's attack.
You barely miss Maurice.
Maurice is lightly wounded.
Maurice mumbles some strange words.
Maurice puts on a burst of speed!
You slash Maurice! You headbutt Maurice!
Maurice is heavily wounded.
Maurice gestures wildly while chanting.
Maurice flickers and vanishes!
You closely miss something.
You hear a zap.
You are blasted!
* * * LOW HITPOINT WARNING * * *
Your scale mail prevents you from hitting something.
You headbutt something.
You hear a zap.
You are blasted!
You die...

##.#.##.##.# ##'
#.......##.# #.
##.#.#####.# #.
#.#.# #.####.
#.#.#####..{...
##.#.......##...
##...######.###.[
##.#.#.#####.##.[.
#@##..............
##{###.#####.###..
##.# ## #......
##.# ######. ## #.
#. #. ######## #.
#......#########.


There were no monsters in sight!

Vanquished Creatures
  Sigmund (D:2)
  Eustachio (D:4)
  2 phantoms
  An eye of draining (D:8)
  An ice beast (D:8)
  5 ogres
  A wyvern skeleton (D:6)
  A scorpion (D:3)
  3 howler monkeys (D:8)
  2 hounds
  A jelly (D:5)
  4 orc priests
  2 centaur skeletons
  A bullfrog skeleton (D:4)
  An iguana (D:8)
  Jessica (D:2)
  2 orc wizards
  Natasha (twice) (D:2)
  3 worker ants
  A gnoll (D:2)
  6 adders
  A shadow imp (D:8)
  An ooze (D:2)
  4 worms
  A dart slug (D:3)
  6 leopard geckos
  14 orcs
  6 bats
  9 giant cockroaches
  6 goblins
  7 hobgoblins
  9 jackals
  2 quokkas
  3 frilled lizards
  8 kobolds
  7 rats
126 creatures vanquished.

Notes
Turn   | Place    | Note
-------+----------+-------------------------------------------
     0 | D:1      | asdasd2 the Minotaur Fighter began the quest for the Orb.
     0 | D:1      | Reached XP level 1. HP: 19/19 MP: 0/0
   310 | D:1      | Reached XP level 2. HP: 27/27 MP: 1/1
   659 | D:2      | Reached XP level 3. HP: 31/33 MP: 2/2
   714 | D:2      | Noticed Sigmund
   720 | D:2      | Killed Sigmund
   720 | D:2      | Reached skill level 4 in Axes
   720 | D:2      | Reached skill level 1 in Dodging
   720 | D:2      | Reached XP level 4. HP: 36/41 MP: 3/3
   720 | D:2      | Reached XP level 5. HP: 42/47 MP: 4/4
   749 | D:2      | Noticed Natasha
   755 | D:2      | Killed Natasha
   878 | D:2      | Noticed Natasha
   886 | D:2      | Killed Natasha
  1045 | D:2      | Reached skill level 5 in Axes
  1087 | D:2      | Noticed Jessica
  1091 | D:2      | Killed Jessica
  1091 | D:2      | Reached skill level 5 in Shields
  1091 | D:2      | Reached XP level 6. HP: 38/53 MP: 5/5
  1509 | D:3      | Found a transporter.
  1600 | D:3      | Reached skill level 5 in Armour
  2114 | D:3      | Found a transporter.
  2178 | D:4      | Reached skill level 6 in Axes
  2517 | D:4      | Noticed Eustachio
  2518 | D:4      | Reached XP level 7. HP: 49/60 MP: 6/6
  2547 | D:4      | Killed Eustachio
  2547 | D:4      | Reached skill level 7 in Axes
  2575 | D:4      | Found Gewerch's Book Shop.
  2611 | D:4      | Reached skill level 5 in Fighting
  3529 | D:5      | Entered Level 5 of the Dungeon
  3732 | D:5      | Reached XP level 8. HP: 69/69 MP: 7/7
  3896 | D:6      | Reached skill level 8 in Axes
  3971 | D:6      | You fall through a shaft for 2 floors!
  4009 | D:8      | Reached skill level 9 in Axes
  4258 | D:8      | Noticed Maurice
  4259 | D:8      | Reached XP level 9. HP: 68/78 MP: 5/8
  4315 | D:8      | HP: 1/78 [disintegration (22)]
  4316 | D:8      | Blown up by Maurice

Skill      XL: |  1  2  3  4  5  6  7  8 |
---------------+-------------------------+-----
Fighting       | 4 5 6 |  6.8
Shields        | 4 5 6 |  6.5
Armour         | 4 5 6 |  6.9
Axes           | 4 5 6 7 9 |  9.6
Dodging        | 1 2 |  2.9

Action                   |  1- 3 |  4- 6 |  7- 9 || total
-------------------------+-------+-------+-------++-------
Melee: War axe           |    64 |   113 |   180 ||   357
       Headbutt          |     5 |    22 |    40 ||    67
  Use: Potion            |     1 |     1 |       ||     2
       Scroll            |       |    13 |     2 ||    15
  Eat: Chunk             |       |     3 |     4 ||     7
       Fruit             |       |     1 |       ||     1
       Royal jelly       |       |       |     1 ||     1
Armor: Scale mail        |    29 |    42 |    57 ||   128
Dodge: Dodged            |    17 |    24 |    59 ||   100
Block: Shield            |    35 |    50 |    98 ||   183
